 Dungeon Crawl Stone Soup version 0.14-a0-2542-g51e44bb (webtiles) character file.

1869 Kae the Firebug (level 8, -1/41 HPs)
             Began as a Deep Elf Fire Elementalist on Feb 10, 2014.
             Slain by a hippogriff (5 damage)
             ... on Level 6 of the Dungeon.
             The game lasted 00:15:02 (6564 turns).

Kae the Firebug (Deep Elf Fire Elementalist)        Turns: 6564, Time: 00:15:02

HP  -1/41        AC  4     Str  7      XL: 8   Next: 73%
MP  11/25        EV 15     Int 21      God:
Gold 170         SH  0     Dex 15      Spells:  4 memorised, 10 levels left

rFire  . . .     SeeInvis .     e - +0,+2 short sword
rCold  . . .     Clarity  .     a - +0 elf robe
rNeg   . . .     Conserve .     (no shield)
rPois  .         rCorr    .     (no helmet)
rElec  .         rRot     .     x - +1 cloak
SustAb . .       Spirit   .     (no gloves)
rMut   .         Warding  .     (no boots)
Saprov . . .     Stasis   .     (no amulet)
MR     .....                    w - ring of sustenance
                                o - +4,+7 ring of slaying

@: not resistant to hostile enchantments, fairly stealthy
A: no striking features
a: no special abilities


You were on level 6 of the Dungeon.
You were not hungry.

You visited 1 branch of the dungeon, and saw 7 of its levels.
You also visited: Sewer.

You collected 170 gold pieces.

Inventory:

Hand weapons
 e - a +0,+2 short sword (weapon)
Armour
 a - a +0 elven robe (worn)
 x - a +1 cloak (worn)
Magical devices
 l - a wand of fireball (4)
 q - a wand of random effects (20)
 v - a wand of slowing (24)
 G - a wand of disintegration (9)
 H - a wand of slowing (16)
Comestibles
 c - 4 bread rations
 n - 5 meat rations
 s - a pear
 t - a lychee
 C - an apple
Scrolls
 g - 4 scrolls of identify
 j - 4 scrolls of teleportation
 k - a scroll of curse jewellery
 m - 2 scrolls of amnesia
 y - 2 scrolls of remove curse
 I - a scroll of magic mapping
Jewellery
 h - an uncursed ring of protection from magic {unknown}
 o - a +4,+7 ring of slaying (left hand)
 r - a +2 ring of evasion {unknown}
 w - a ring of sustenance (right hand)
 B - an uncursed ring of fire {unknown}
 D - a +5 ring of evasion {unknown}
Potions
 d - 2 potions of cure mutation {unknown}
 f - 3 potions of curing
 i - a potion of flight {unknown}
 u - a potion of restore abilities {unknown}
 z - a potion of mutation {unknown}
 A - 3 potions of might {unknown}
 E - a potion of resistance {unknown}
 F - 3 potions of heal wounds
 J - a potion of magic {unknown}
Books
 b - a book of Flames

   Spells                             Type                      Level
   *Flame Tongue                      Conjuration/Fire             1
   *Throw Flame                       Conjuration/Fire             2
   *Conjure Flame                     Conjuration/Fire             3
   Inner Flame                        Hexes/Fire                   3
   *Sticky Flame                      Conjuration/Fire             4
   Fireball                           Conjuration/Fire             5


   Skills:
 + Level 5.9 Dodging
 - Level 2.4 Stealth
 + Level 6.6 Spellcasting
 * Level 7.1 Conjurations
 * Level 7.8 Fire Magic


You had 10 spell levels left.
You knew the following spells:

 Your Spells              Type           Power        Failure   Level  Hunger
a - Flame Tongue          Conj/Fire      #####        1%          1    None
b - Throw Flame           Conj/Fire      #####.       1%          2    None
c - Conjure Flame         Conj/Fire      #####...     1%          3    ##.....
d - Sticky Flame          Conj/Fire      #####...     4%          4    ###....


Dungeon Overview and Level Annotations

Branches:
Dungeon (7/16)             Temple (0/1) D:4

Altars:
Yredelemnul

Annotations:
D:2 Sigmund
D:4 Kae's ghost, average TeFE


Message History

Casting: Flame Tongue
Confirm with . or Enter, or press ? or * to list all spells.
Aiming: Conjure Flame
Press: ? - help, Dir - move target cursor, p - hippogriff The fire roars!
Casting: Conjure Flame
Confirm with . or Enter, or press ? or * to list all spells.
Aiming: Sticky Flame
Press: ? - help, Shift-Dir - straight line, f - hippogriff
Aim: a hippogriff (flame, lightly wounded)
The sticky flame hits the hippogriff.
The hippogriff is moderately wounded.
The hippogriff is covered in liquid flames!
The hippogriff burns!
The orc wizard jeers noisily.
The hippogriff is engulfed in roaring flames.
The hippogriff bites you!
* * * LOW HITPOINT WARNING * * *
The hippogriff pecks you.
You die...

#........########.......#####'
#######'## ######'## #. #..#
#....# #. #########.## ##.####
## #........[.# #..# #.
#.........>### ####.##### ###.
#.........o).###........#
##.'.
#..........#KH.#........#
#..#.
#..........###@#........#
#.##. #..........#
#.#........###.##.
#..........#
#..........##..##.
#..........#
###...........####
#..........# #........#######
###.######## ##..###### #...
#..# #####...#### #.## #.##
#..........# #.# #.#
#..........# ##'##


You could see a hippogriff (burning), an orc wizard and a kobold.

Vanquished Creatures
  The ghost of dck the Slasher, an experienced VSDK of Zin (D:6)
  A necrophage (D:6)
  An orc warrior (D:6)
  2 centaurs (D:6)
  A giant frog (D:6)
  5 killer bees (D:6)
  2 hounds (D:5)
  2 crimson imps (D:6)
  4 worker ants
  Crazy Yiuf (D:3)
  A centaur skeleton (D:6)
  A gnoll shaman (D:6)
  2 iguanas
  A scorpion (D:6)
  A giant frog skeleton (D:4)
  2 orc wizards
  A green rat (Sewer)
  5 adders
  6 gnolls (D:6)
  4 worms
  6 grey rats
  A giant eyeball (D:5)
  20 orcs
  4 ball pythons
  4 giant cockroaches
  10 hobgoblins
  4 jackals (D:5)
  5 kobolds
  3 quokkas
  14 bats
  3 giant geckos
  13 giant newts
  7 goblins
  A hobgoblin zombie (D:6)
  A kobold skeleton (D:6)
  An orc zombie (D:5)
  11 rats
152 creatures vanquished.

Notes
Turn   | Place    | Note
--------------------------------------------------------------
     0 | D:1      | Kae, the Deep Elf Fire Elementalist, began the quest for the Orb.
     0 | D:1      | Reached XP level 1. HP: 10/10 MP: 5/5
   323 | D:1      | Reached XP level 2. HP: 13/15 MP: 3/8
   642 | D:2      | Noticed Sigmund
   767 | D:2      | Reached XP level 3. HP: 13/19 MP: 6/11
  1095 | D:2      | Found a basalt altar of Yredelemnul.
  1316 | D:2      | Learned a level 2 spell: Throw Flame
  1320 | D:2      | Learned a level 3 spell: Conjure Flame
  1454 | D:3      | Reached skill level 4 in Fire Magic
  1570 | D:3      | Reached XP level 4. HP: 3/24 MP: 2/14
  1842 | D:3      | Noticed Crazy Yiuf
  1849 | D:3      | Killed Crazy Yiuf
  1991 | D:3      | Reached XP level 5. HP: 9/28 MP: 8/17
  2592 | D:4      | Noticed Kae's ghost (average TeFE)
  3430 | D:4      | Found a staircase to the Ecumenical Temple.
  3529 | D:4      | Reached XP level 6. HP: 29/32 MP: 12/20
  3733 | D:5      | Entered Level 5 of the Dungeon
  3749 | D:5      | Reached skill level 5 in Fire Magic
  3907 | D:5      | Paralysed by a giant eyeball for 3 turns
  4342 | D:6      | Learned a level 4 spell: Sticky Flame
  4363 | D:6      | Noticed dck's ghost (experienced VSDK)
  4372 | D:6      | Reached skill level 5 in Spellcasting
  4760 | D:6      | Reached XP level 7. HP: 29/36 MP: 8/22
  5004 | D:6      | Reached skill level 5 in Conjurations
  5008 | D:6      | Reached skill level 6 in Fire Magic
  5257 | D:6      | Killed dck's ghost
  5257 | D:6      | Reached skill level 5 in Dodging
  5257 | D:6      | Reached XP level 8. HP: 26/41 MP: 18/25
  5394 | D:6      | Reached skill level 7 in Fire Magic
  5704 | D:6      | Noticed a necrophage
  5712 | D:6      | Killed a necrophage
  5979 | D:6      | Found a glowing drain.
  5983 | Sewer    | Entered a sewer
  6564 | D:6      | Slain by a hippogriff

Action                   |  1- 3 |  4- 6 |  7- 9 || total
-------------------------+-------+-------+-------++-------
Melee: Short sword       |    27 |    31 |    62 ||   120
 Cast: Flame Tongue      |    42 |   110 |   132 ||   284
       Conjure Flame     |       |     3 |     4 ||     7
       Throw Flame       |       |     6 |     8 ||    14
       Sticky Flame      |       |     1 |     2 ||     3
Evoke: Wand              |       |       |     3 ||     3
  Use: Scroll            |       |    10 |     4 ||    14
       Potion            |       |     2 |     1 ||     3
 Stab: Sleeping          |     4 |     2 |     1 ||     7
